Map: Deathaura LE

Players

GamingRAPTR - Winner!

  • Race: Protoss Protoss
  • League: Silver
  • Spawn Location: 11:00

redbusman

  • Race: Terran Terran
  • League: Silver
  • Spawn Location: 5:00

VOD

Have the link to the VOD?

Description

Time

  • Played on: July 26, 2020, 8:03 p.m.
  • Length: 3:34
Show
View Real Time Build Order
Export as new Build Order

GamingRAPTR Protoss - Winner!

Build Orders: Cannon Rush 

Get SALT Encoding   

  12  0:15  Probe  
  13  0:23  Pylon, Probe  
  14  0:31  Probe  
  15  0:41  Probe  
  15  0:47  Forge  
  16  0:53  Probe  
  17  1:04  Pylon  
  17  1:06  Probe  
  18  1:15  Pylon  
  18  1:33  Photon Cannon  
  18  1:36  Photon Cannon  
  18  1:42  Photon Cannon  
  18  2:00  Photon Cannon  
  18  2:04  Photon Cannon  
  18  2:13  Pylon  
Show
View Real Time Build Order
Export as new Build Order

redbusman Terran 

Build Orders:  

Get SALT Encoding   

  12  0:01  SCV  
  13  0:17  SCV  
  14  0:29  SCV  
  15  0:36  Supply Depot  
  15  0:57  SCV  
  16  1:06  Barracks  
  16  1:09  SCV  
  17  1:22  SCV  
  18  1:34  SCV  
  19  1:46  SCV  
  20  1:55  Marine  
  20  1:58  SCV  
  22  2:10  SCV  
  23  2:31  Supply Depot, Marine  
  23  2:34  SCV  
  16  2:46  SCV  
  16  2:48  Marine  
  13  2:58  SCV  
  11  3:06  Marine  
Tags
 
Add a new tag
Caveats
  • Supply blocks, unpowered buildings, or Contaminate may cause inaccurate times.
  • Supply counts are checked every 10 seconds.